[Event "December 12 Early 2023"]
[Site "https://www.chess.com"]
[Date "2023.12.12"]
[Round "2"]
[White "Umarov, Sabir"]
[Black "Derjabin, Ilja"]
[Result "1/2-1/2"]
[Board "175"]
[TimeControl "180+1"]
[WhiteFideId "14200538"]
[BlackFideId "14104768"]
[WhiteElo "2314"]
[BlackElo "2507"]
[WhiteTeam "UZB"]
[BlackTeam "UKR"]
[WhiteClock "0:00:11"]
[BlackClock "0:00:23"]

1. e4 c5 2. Nf3 d6 3. d4 cxd4 4. Nxd4 Nf6 5. Nc3 a6 6. Bg5 e6 7. Qd2 h6 8. Bh4 Be7 9. O-O-O g5 10. Bg3 Nh5 11. Be2 Nxg3 12. hxg3 Nd7 13. Bh5 Nc5 14. b4 e5 15. bxc5 exd4 16. Qxd4 Bf6 17. Qc4 O-O 18. Rxd6 Be6 19. Nd5 Bxd5 20. Qxd5 Qe7 21. Rd7 Qe5 22. Bxf7+ Kh8 23. Rxh6+ Kg7 24. Rg6+ Kh8 25. Be8 Qxd5 26. exd5 Raxe8 27. Rh6+ Kg8 28. Rg6+ Kh8 29. Rh6+ Kg8 30. Rg6+ Kh8 1/2-1/2

[Event "December 12 Early 2023"]
[Site "https://www.chess.com"]
[Date "2023.12.12"]
[Round "2"]
[White "Silvestre, Christian"]
[Black "Tulchynskyi, Feliks"]
[Result "0-1"]
[Board "176"]
[TimeControl "180+1"]
[WhiteFideId "30956269"]
[BlackFideId "34127895"]
[WhiteElo "2313"]
[BlackElo "2505"]
[WhiteTeam "USA"]
[BlackTeam "UKR"]
[WhiteClock "0:00:07"]
[BlackClock "0:00:23"]

1. e4 e6 2. Qe2 d5 3. exd5 Qxd5 4. Nc3 Qa5 5. g3 Nf6 6. Bg2 Be7 7. Nf3 O-O 8. O-O Nc6 9. d3 Rd8 10. Bd2 Qh5 11. Rae1 Bd7 12. Ne5 Qxe2 13. Rxe2 Nxe5 14. Rxe5 c6 15. Bf3 Nd5 16. Re2 Bf6 17. Nd1 a5 18. c3 a4 19. d4 b6 20. Ne3 Bc8 21. c4 Ne7 22. Bb4 Rxd4 23. Ng4 Ng6 24. Nxf6+ gxf6 25. Bxc6 Ra7 26. b3 axb3 27. axb3 Ne5 28. Bg2 Rd3 29. f4 Ng4 30. Rd2 Rad7 31. Rxd3 Rxd3 32. Ra1 Rxb3 33. Be7 Kg7 34. h3 Ne3 35. Bc6 Nf5 36. Bd8 Rxg3+ 37. Kf2 e5 38. Ra8 Be6 39. fxe5 fxe5 40. Bd5 Bxd5 41. cxd5 Rd3 42. Bxb6 Rxd5 43. Bc7 f6 44. Rd8 Rc5 45. Rd7+ Kg6 46. Bd8 Rc2+ 47. Kf3 Rc3+ 48. Kg4 h5# 0-1

[Event "December 12 Early 2023"]
[Site "https://www.chess.com"]
[Date "2023.12.12"]
[Round "2"]
[White "Petrova, Irina"]
[Black "Krzywda, Andrzej"]
[Result "0-1"]
[Board "177"]
[TimeControl "180+1"]
[WhiteFideId "14124122"]
[BlackFideId "1114565"]
[WhiteElo "2308"]
[BlackElo "2505"]
[WhiteTeam "UKR"]
[BlackTeam "POL"]
[WhiteClock "0:00:05"]
[BlackClock "0:00:10"]

1. e4 e5 2. Nf3 Nf6 3. Nxe5 d6 4. Nf3 Nxe4 5. Bd3 d5 6. O-O Be7 7. Re1 Bf5 8. Bf1 O-O 9. d3 Nd6 10. Nc3 c6 11. Ne2 Bf6 12. Ng3 Bg6 13. Bf4 Na6 14. Ne5 Nc5 15. Nxg6 hxg6 16. d4 Ne6 17. Be5 Re8 18. b3 Nxd4 19. Qxd4 Be7 20. Bxg7 f6 21. Bh6 Kf7 22. Bf4 Qd7 23. a4 Bf8 24. h4 Qg4 25. Be3 Ne4 26. Nxe4 Rxe4 27. Qd1 Qxh4 28. g3 Qh7 29. Bg2 Re5 30. Qf3 Rae8 31. Bd2 g5 32. Rxe5 Rxe5 33. Re1 Rxe1+ 34. Bxe1 Qxc2 35. Bc3 Qb1+ 36. Kh2 Qh7+ 37. Bh3 Be7 38. Qf5 Qh5 39. Qe6+ Kf8 40. Qc8+ Kg7 41. Qg4 Qf7 42. Qxg5+ Kf8 43. Qf5 c5 44. Qe6 Qxe6 45. Bxe6 d4 46. Bd2 Bd6 47. Kg2 Ke7 48. Bc4 a6 49. Kf3 Bc7 50. Ke4 Kd6 51. Bf4+ Kc6 52. Bxc7 b5 53. axb5+ axb5 54. Bxb5+ Kxb5 55. Bd6 Kb4 56. f4 f5+ 57. Kxf5 d3 58. Kg4 d2 59. f5 d1=Q+ 60. Kg5 Qxd6 61. f6 Qf8 62. Kg6 Kxb3 63. g4 c4 64. g5 c3 65. Kf5 c2 66. g6 c1=Q 67. g7 Qcc5+ 68. Kg6 Qc2+ 69. Kh6 Qh2+ 70. Kg5 Qg3+ 71. Kh6 Qxf6+ 72. Kh7 Qfxg7# 0-1

[Event "December 12 Early 2023"]
[Site "https://www.chess.com"]
[Date "2023.12.12"]
[Round "2"]
[White "Storn, Justin"]
[Black "Kraiouchkine, Nikita"]
[Result "1-0"]
[Board "178"]
[TimeControl "180+1"]
[WhiteFideId "30922720"]
[BlackFideId "2607140"]
[WhiteElo "2307"]
[BlackElo "2504"]
[WhiteTeam "USA"]
[BlackTeam "CAN"]
[WhiteClock "0:00:03"]
[BlackClock "0:00:03"]

1. Nf3 d5 2. g3 Nf6 3. Bg2 c6 4. O-O Bg4 5. Ne5 Bf5 6. d4 h6 7. c4 e6 8. Nc3 Nbd7 9. Re1 Nxe5 10. dxe5 Nd7 11. f4 Bc5+ 12. Kh1 dxc4 13. Ne4 Bxe4 14. Bxe4 O-O 15. Qc2 Nb6 16. Bd2 f6 17. exf6 Qxf6 18. Bc3 Bd4 19. Bxd4 Qxd4 20. Rad1 Qe3 21. Rd6 Rad8 22. Rxe6 Qd2 23. Qc3 Qxc3 24. bxc3 Na4 25. Rc1 Rd2 26. Bg6 Rxa2 27. Rd1 Nc5 28. Re7 a5 29. Re5 b6 30. Rd6 a4 31. Rxc6 Rb2 32. Rc7 Na6 33. Ra7 Nb8 34. Ree7 Rd8 35. Rxg7+ Kf8 36. Raf7+ Ke8 37. Rg8# 1-0

[Event "December 12 Early 2023"]
[Site "https://www.chess.com"]
[Date "2023.12.12"]
[Round "2"]
[White "Herman, Matthew"]
[Black "Shapiro, Daniel"]
[Result "1-0"]
[Board "179"]
[TimeControl "180+1"]
[WhiteFideId "2028964"]
[BlackFideId "2001780"]
[WhiteElo "2504"]
[BlackElo "2307"]
[WhiteTeam "USA"]
[BlackTeam "USA"]
[WhiteClock "0:00:08"]
[BlackClock "0:00:00"]

1. e4 c5 2. Nf3 Nc6 3. Bb5 e6 4. c3 d5 5. d3 Bd6 6. O-O Qc7 7. Re1 Ne7 8. e5 O-O 9. exd6 Qxd6 10. d4 c4 11. Bg5 f6 12. Bh4 Nf5 13. Bg3 Nxg3 14. hxg3 Bd7 15. Bxc6 Bxc6 16. Re3 Rae8 17. Qe2 b5 18. a3 a5 19. Nbd2 Bd7 20. Re1 Rb8 21. Nh4 b4 22. axb4 axb4 23. f4 bxc3 24. bxc3 Rb2 25. Nhf3 Ra8 26. Rxe6 Bxe6 27. Qxe6+ Qxe6 28. Rxe6 Raa2 29. Rd6 Rxd2 30. Nxd2 Rxd2 31. Rxd5 Rd3 32. Kf2 Rxc3 33. Rc5 Rc2+ 34. Kf3 g6 35. g4 Kf7 36. f5 Rc3+ 37. Kf2 Rc2+ 38. Kf3 Rc3+ 39. Ke4 Rg3 40. Kf4 Rxg2 41. Rxc4 g5+ 42. Kf3 Rd2 43. Rc7+ Kf8 44. Ke4 Rg2 45. Kd5 Re2 46. Rxh7 Ke8 47. Ra7 Kf8 48. Ra6 Kf7 49. Ra7+ Kf8 50. Ra6 Kf7 51. Re6 Rg2 52. Re4 Ra2 53. Kc6 Ra6+ 54. Kb5 Ra1 55. d5 Rd1 56. Kc6 Rc1+ 57. Kd6 Kf8 58. Kd7 1-0

[Event "December 12 Early 2023"]
[Site "https://www.chess.com"]
[Date "2023.12.12"]
[Round "2"]
[White "Schut, Han"]
[Black "Chernomordik, Pavel"]
[Result "0-1"]
[Board "180"]
[TimeControl "180+1"]
[WhiteFideId "1005561"]
[BlackFideId "2804530"]
[WhiteElo "2305"]
[BlackElo "2504"]
[WhiteTeam "NED"]
[BlackTeam "ISR"]
[WhiteClock "0:00:07"]
[BlackClock "0:00:38"]

1. e4 g6 2. d4 Bg7 3. Nc3 d6 4. f4 a6 5. Nf3 b5 6. Bd3 Nd7 7. e5 c5 8. Be4 Rb8 9. dxc5 Nxc5 10. Bc6+ Bd7 11. Bxd7+ Qxd7 12. Be3 b4 13. Ne2 Rc8 14. Qd4 Ne6 15. Qxb4 Rxc2 16. Ned4 Nxd4 17. Nxd4 Rc8 18. e6 fxe6 19. Qb3 d5 20. O-O Nf6 21. Rac1 O-O 22. Qb6 Ng4 23. Nxe6 Rxc1 24. Rxc1 Rf6 25. Qb8+ Bf8 26. Nxf8 Rxf8 27. Bd4 Rxb8 0-1

[Event "December 12 Early 2023"]
[Site "https://www.chess.com"]
[Date "2023.12.12"]
[Round "2"]
[White "Shukhman, Anna"]
[Black "Tarasova, Viktoriya"]
[Result "0-1"]
[Board "181"]
[TimeControl "180+1"]
[WhiteFideId "54180058"]
[BlackFideId "4175840"]
[WhiteElo "2504"]
[BlackElo "2305"]
[WhiteTeam "FID"]
[BlackTeam "RUS"]
[WhiteClock "0:00:33"]
[BlackClock "0:00:33"]

1. e4 c5 2. Nf3 d6 3. d4 cxd4 4. Nxd4 Nf6 5. Nc3 a6 6. h3 e5 7. Nf3 h5 8. Bg5 Be7 9. Bc4 b5 10. Bb3 Be6 11. Bxf6 Bxf6 12. Qd2 Be7 13. O-O-O Nc6 14. Bd5 Rc8 15. Kb1 b4 16. Bxc6+ Rxc6 17. Nd5 Bxd5 18. exd5 Rb6 19. g4 h4 20. Qd3 Qd7 21. Nd2 Qb5 22. Qf5 Qd7 23. Ne4 Qxf5 24. gxf5 Rh5 25. Rhg1 Kf8 26. c4 bxc3 27. Nxc3 Rxf5 28. Rd2 Rf3 29. Rh1 Rxc3 30. f4 exf4 31. Rf2 Rc4 32. Re1 g5 33. Rfe2 Bf6 34. Re8+ Kg7 35. Ra8 Rxb2+ 0-1

[Event "December 12 Early 2023"]
[Site "https://www.chess.com"]
[Date "2023.12.12"]
[Round "2"]
[White "Cervantes Landeiro, Thalia"]
[Black "Ruge, Edison"]
[Result "0-1"]
[Board "182"]
[TimeControl "180+1"]
[WhiteFideId "3520498"]
[BlackFideId "4401000"]
[WhiteElo "2503"]
[BlackElo "2302"]
[WhiteTeam "USA"]
[BlackTeam "COL"]
[WhiteClock "0:00:00"]
[BlackClock "0:00:05"]

1. d4 d5 2. c4 e5 3. dxe5 d4 4. Nf3 Nc6 5. g3 Bg4 6. Bg2 Qd7 7. O-O Nge7 8. Nbd2 Ng6 9. Nb3 Rd8 10. Bg5 Be7 11. Bxe7 Ngxe7 12. Nc5 Qc8 13. Nd3 O-O 14. Qd2 Ng6 15. Qf4 Rfe8 16. Qd2 Bxf3 17. exf3 Ngxe5 18. b3 Qf5 19. Nxe5 Nxe5 20. f4 Nc6 21. Rfe1 Qa5 22. Rxe8+ Rxe8 23. Rd1 Qxd2 24. Rxd2 Re1+ 25. Bf1 Kf8 26. Kg2 Ke7 27. Bd3 h6 28. Kf3 Kd6 29. Be4 Kc5 30. Bd5 f6 31. a3 a5 32. Ra2 Rb1 33. b4+ axb4 34. axb4+ Rxb4 35. Ke4 Rb1 36. Kf5 Re1 37. Kg6 Re7 38. Rd2 Na5 39. Rb2 c6 40. Bg8 Nxc4 41. Rc2 b5 42. Bf7 d3 43. Rc1 d2 44. Ra1 Rd7 0-1

[Event "December 12 Early 2023"]
[Site "https://www.chess.com"]
[Date "2023.12.12"]
[Round "2"]
[White "Tuleyeva-Aketayeva, Dana"]
[Black "Shinkarev, M"]
[Result "0-1"]
[Board "183"]
[TimeControl "180+1"]
[WhiteFideId "13701932"]
[BlackFideId "4145348"]
[WhiteElo "2301"]
[BlackElo "2502"]
[WhiteTeam "KAZ"]
[BlackTeam "RUS"]
[WhiteClock "0:00:00"]
[BlackClock "0:00:18"]

1. d4 Nf6 2. Nf3 d5 3. g3 g6 4. Bg2 Bg7 5. O-O O-O 6. c3 Bf5 7. Bg5 Ne4 8. Bf4 c5 9. Be3 c4 10. Nbd2 Nc6 11. Nxe4 Bxe4 12. Qd2 b5 13. Bh6 Re8 14. Bxg7 Kxg7 15. Ne5 Nxe5 16. dxe5 Bxg2 17. Kxg2 e6 18. a4 Qb6 19. a5 Qb7 20. Kg1 a6 21. Rfd1 Rab8 22. Qd4 b4 23. Rd2 Qe7 24. h4 Rb7 25. h5 Qg5 26. hxg6 hxg6 27. Rdd1 Qh5 28. Kg2 Qxe2 29. Rh1 bxc3 30. bxc3 Rb2 31. Rae1 Qd2 32. Qxd2 Rxd2 33. Rh4 Kf8 34. Rb1 Kg7 35. Rb7 Re2 36. Rf4 Rf8 37. Rb6 Rxe5 38. Rxa6 Rf5 39. Rxf5 gxf5 40. Ra7 Rb8 41. a6 Rb3 42. Rb7 Rxc3 43. a7 Ra3 44. Kf1 Ra2 45. Ke1 d4 46. Rc7 c3 47. Kf1 e5 48. Kg2 Kg6 49. Rc6+ f6 50. Rc7 e4 51. Rb7 c2 52. Rc7 d3 0-1

[Event "December 12 Early 2023"]
[Site "https://www.chess.com"]
[Date "2023.12.12"]
[Round "2"]
[White "Grutter, Tim"]
[Black "Antonio, Jorge Carlos"]
[Result "1-0"]
[Board "184"]
[TimeControl "180+1"]
[WhiteFideId "1057472"]
[BlackFideId "113190"]
[WhiteElo "2501"]
[BlackElo "2297"]
[WhiteTeam "NED"]
[BlackTeam "ARG"]
[WhiteClock "0:00:09"]
[BlackClock "0:00:06"]

1. b3 e5 2. Bb2 Nc6 3. e3 d5 4. Bb5 Bd6 5. Nf3 f6 6. O-O Ne7 7. c4 a6 8. Ba4 Bd7 9. Nc3 O-O 10. cxd5 b5 11. dxc6 Bxc6 12. Rc1 bxa4 13. Nxa4 Bb5 14. d3 Nd5 15. a3 Qd7 16. Qc2 Bxa4 17. bxa4 Qe6 18. Qc4 Rab8 19. Rb1 Rfe8 20. Qxa6 e4 21. Qc4 exf3 22. gxf3 Qf7 23. a5 Ra8 24. a6 Nb6 25. Qc6 Qd5 26. Rfc1 Qxc6 27. Rxc6 Rxa6 28. Bd4 Nd5 29. Rxa6 h6 30. Rc6 Ra8 31. Ra1 Ne7 32. Rc3 Nf5 33. a4 Nxd4 34. exd4 Ra5 35. Kf1 Kf7 36. Rb3 Ke6 37. Rb5 Ra7 38. a5 Bxh2 39. a6 c6 40. Rb7 Ra8 41. a7 Kd5 42. Rd7+ Ke6 43. Rxg7 Kd5 44. Rd7+ Ke6 45. Rb7 Kd5 46. Ra4 h5 47. Rh7 c5 48. Rxh5+ Kc6 49. Rxc5+ Kb6 50. Rf5 Rxa7 51. Rxf6+ Kb7 52. Rf7+ Bc7 53. Rxa7+ Kxa7 54. Rxc7+ Kb6 55. Rc5 1-0

[Event "December 12 Early 2023"]
[Site "https://www.chess.com"]
[Date "2023.12.12"]
[Round "2"]
[White "Centron Antuna, Daniel"]
[Black "Fernandez Siles, Luis"]
[Result "0-1"]
[Board "185"]
[TimeControl "180+1"]
[WhiteFideId "22288694"]
[BlackFideId "2209420"]
[WhiteElo "2500"]
[BlackElo "2292"]
[WhiteTeam "ESP"]
[BlackTeam "ESP"]
[WhiteClock "0:00:01"]
[BlackClock "0:00:33"]

1. e4 c5 2. c3 d5 3. exd5 Nf6 4. d4 cxd4 5. Bb5+ Bd7 6. Bc4 dxc3 7. Nxc3 g6 8. Nf3 Bg7 9. O-O O-O 10. Ne5 Bf5 11. Re1 Nbd7 12. Bf4 Nb6 13. Bb3 a5 14. a4 Nfd7 15. Nb5 Nc5 16. Nc4 Nxd5 17. Bg3 Nd3 18. Re2 Rc8 19. Ncd6 N5f4 20. Nxf7 Nxe2+ 21. Qxe2 Rxf7 22. Bxf7+ Kxf7 23. Rd1 Qb6 24. h3 Qf6 25. Rxd3 Bxd3 26. Qxd3 Rc1+ 27. Kh2 Qxb2 28. Qd5+ Kf8 29. Qxb7 Bf6 30. Qa8+ Kg7 31. Qxa5 Qa1 32. Bf4 Be5 33. Qb4 Rh1+ 34. Kg3 g5 35. Qxe7+ Kg6 36. Bxe5 Rxh3+ 37. Kxh3 Qh1+ 38. Kg3 Qh4+ 39. Kf3 g4+ 40. Ke2 Qxe7 41. f4 gxf3+ 42. Kxf3 Qxe5 43. g3 Qa1 44. Nd6 Qa3+ 45. Kf4 Qxd6+ 46. Ke4 Qa6 47. a5 Qxa5 0-1

[Event "December 12 Early 2023"]
[Site "https://www.chess.com"]
[Date "2023.12.12"]
[Round "2"]
[White "Rodriguez Santiago, Jaime"]
[Black "Spichkin, Alexander"]
[Result "0-1"]
[Board "186"]
[TimeControl "180+1"]
[WhiteFideId "3100898"]
[BlackFideId "4144074"]
[WhiteElo "2278"]
[BlackElo "2500"]
[WhiteTeam "PUR"]
[BlackTeam "RUS"]
[WhiteClock "0:00:03"]
[BlackClock "0:01:41"]

1. d4 e6 2. c4 f5 3. g3 Nf6 4. Bg2 Be7 5. Nf3 d6 6. Nc3 O-O 7. O-O a5 8. Qc2 Nc6 9. a3 e5 10. dxe5 dxe5 11. e4 Qe8 12. exf5 Qh5 13. Nh4 Nd4 14. Qd1 Qxd1 15. Rxd1 c6 16. Be3 Nxf5 17. Nxf5 Bxf5 18. Rd2 Be6 19. c5 Bb3 20. Ne4 Nd5 21. Nd6 Nxe3 22. fxe3 Rfd8 23. Rf1 Bg5 24. Kf2 a4 25. Ne4 Rf8+ 26. Ke1 Bxe3 27. Rxf8+ Rxf8 28. Rd7 Rb8 29. Nd6 Bxc5 30. Nxb7 Bb6 31. Bxc6 e4 32. Nd6 Ba5+ 33. Ke2 Be6 34. Re7 Bg4+ 35. Ke3 h5 36. Nxe4 Rxb2 37. Bd5+ Kh7 38. Ng5+ Kg6 39. Nf7 Re2+ 40. Kf4 Rxe7 41. Ng5 Bc7# 0-1

[Event "December 12 Early 2023"]
[Site "https://www.chess.com"]
[Date "2023.12.12"]
[Round "2"]
[White "Nasybullina, Alfia"]
[Black "Dinu, Dumitru-Daniel"]
[Result "0-1"]
[Board "187"]
[TimeControl "180+1"]
[WhiteFideId "4132416"]
[BlackFideId "1208403"]
[WhiteElo "2278"]
[BlackElo "2500"]
[WhiteTeam "KAZ"]
[BlackTeam "ROU"]
[WhiteClock "0:01:00"]
[BlackClock "0:00:16"]

1. d4 Nf6 2. Nf3 e6 3. Bf4 c5 4. c3 d5 5. e3 Nc6 6. h3 Qb6 7. Qc1 Bd7 8. Ne5 Nxe5 9. Bxe5 Be7 10. Nd2 Rc8 11. Bd3 O-O 12. O-O Bb5 13. Bxb5 Qxb5 14. dxc5 Nd7 15. a4 Qxc5 16. Bd4 Qc6 17. Bxa7 Qa6 18. Bd4 e5 19. Nf3 exd4 20. exd4 Nf6 21. Re1 Ne4 22. Qf4 Bf6 23. Ne5 Bxe5 24. Qxe5 Qe6 25. Qh5 Qd6 26. Re3 Rfe8 27. Rae1 Nf6 28. Qf3 Rxe3 29. Qxe3 Kf8 30. Qg5 Re8 31. Re5 Qd7 32. Qe3 Rxe5 33. dxe5 Ne8 34. f4 Qxa4 35. Qc5+ Kg8 36. Qc8 g6 37. Qxb7 Qxf4 38. Qb8 Kf8 39. Qb4+ Qxb4 40. cxb4 Ke7 41. Kf2 Kd7 42. Ke3 Kc6 43. Kd4 Nc7 44. b3 Ne6+ 45. Kd3 Kb5 46. g4 g5 47. Ke3 Kxb4 0-1

[Event "December 12 Early 2023"]
[Site "https://www.chess.com"]
[Date "2023.12.12"]
[Round "2"]
[White "Mejia, Cherry Ann"]
[Black "Parfenov, Viktor N."]
[Result "0-1"]
[Board "188"]
[TimeControl "180+1"]
[WhiteFideId "5206880"]
[BlackFideId "4165969"]
[WhiteElo "2274"]
[BlackElo "2498"]
[WhiteTeam "PHI"]
[BlackTeam "RUS"]
[WhiteClock "0:00:03"]
[BlackClock "0:00:07"]

1. e4 e5 2. Nf3 Nc6 3. Bb5 a6 4. Ba4 Nf6 5. Qe2 Bc5 6. c3 O-O 7. O-O b5 8. Bb3 d5 9. d3 Re8 10. Rd1 h6 11. Nbd2 Be6 12. Nf1 Ng4 13. Ne3 Nxe3 14. Bxe3 Bxe3 15. Qxe3 Qd7 16. exd5 Bxd5 17. Bxd5 Qxd5 18. Qe4 Rad8 19. Qxd5 Rxd5 20. c4 Rd6 21. cxb5 axb5 22. Rac1 Red8 23. h3 e4 24. Nh4 g6 25. d4 Nxd4 26. Re1 Ne6 27. Rxe4 Rd2 28. Rb4 R8d5 29. Nf3 Re2 30. Kf1 c5 31. Rxb5 Re4 32. Rb8+ Kg7 33. b3 Nf4 34. a4 Nd3 35. Rd1 c4 36. bxc4 Rxc4 37. g3 Rc2 38. Rxd3 Rxd3 39. Ne1 Rd1 40. Re8 Rcc1 41. a5 Ra1 42. Re5 Kf6 43. f4 g5 44. Kf2 gxf4 45. gxf4 Ra2+ 46. Kg3 Ra3+ 47. Nf3 Rdd3 48. a6 Rxf3+ 49. Kg4 Rg3+ 50. Kh4 Rxh3+ 51. Kg4 Rag3# 0-1

[Event "December 12 Early 2023"]
[Site "https://www.chess.com"]
[Date "2023.12.12"]
[Round "2"]
[White "Kruckenhauser, Arthur"]
[Black "Minina, Veronika"]
[Result "1-0"]
[Board "189"]
[TimeControl "180+1"]
[WhiteFideId "1642812"]
[BlackFideId "4174780"]
[WhiteElo "2497"]
[BlackElo "2249"]
[WhiteTeam "AUT"]
[BlackTeam "RUS"]
[WhiteClock "0:00:57"]
[BlackClock "0:00:00"]

1. d4 Nf6 2. Bf4 g6 3. Nc3 Bg7 4. e4 d6 5. Nf3 O-O 6. Qd2 c5 7. Bh6 cxd4 8. Nxd4 Nc6 9. Bxg7 Kxg7 10. O-O-O Qa5 11. Kb1 Be6 12. f3 Rfc8 13. g4 a6 14. h4 b5 15. Nxc6 Rxc6 16. Nd5 Qxd2 17. Rxd2 Bxd5 18. exd5 Rc5 19. Bg2 Rac8 20. Rhd1 h5 21. g5 Nd7 22. Bh3 R8c7 23. b3 Ne5 24. f4 Nf3 25. Rf2 Nxh4 26. Rh1 Rc3 27. f5 Nf3 28. f6+ exf6 29. gxf6+ Kh6 30. Bg2 Ne5 31. Be4 Ng4 32. Rg2 Nxf6 33. Bd3 Nxd5 34. Rhg1 Nf4 35. Rg3 Nxd3 36. cxd3 h4 37. Rg4 Rxd3 38. Rxh4+ Kg7 39. Rh2 Rf3 40. Rd2 Rc6 41. Re1 g5 42. Rd5 Kg6 43. Rg1 f6 44. Re1 Rf2 45. Re8 Kh5 46. Rd4 g4 47. Rh8+ Kg5 48. Rg8+ Kf5 49. Rgxg4 Rc5 50. Rh4 Re5 51. Rh1 Ree2 52. Rxd6 Ke5 53. Rxa6 Rb2+ 54. Ka1 Rbe2 55. a4 Kd4 56. axb5 Kc3 57. Rh3+ Kc2 58. Rh1 Rf3 59. Ra2+ Kd3 60. Rxe2 Kxe2 61. b6 Rxb3 62. Rb1 Ra3+ 63. Kb2 Ra8 64. Kc3 Rb8 65. Kd4 Kf3 66. Rf1+ Kg4 67. Rxf6 Kg5 68. Rd6 Kf5 69. Kc5 Ke5 70. Rd1 Ke6 71. Kc6 1-0

[Event "December 12 Early 2023"]
[Site "https://www.chess.com"]
[Date "2023.12.12"]
[Round "2"]
[White "Player, Edmund C"]
[Black "Yaniuk, Volodymyr"]
[Result "0-1"]
[Board "190"]
[TimeControl "180+1"]
[WhiteFideId "406520"]
[BlackFideId "14133083"]
[WhiteElo "2247"]
[BlackElo "2493"]
[WhiteTeam "ENG"]
[BlackTeam "UKR"]
[WhiteClock "0:00:03"]
[BlackClock "0:00:52"]

1. Nc3 d5 2. e4 d4 3. Nce2 Nc6 4. Ng3 g6 5. Bc4 Bg7 6. d3 Nf6 7. a3 O-O 8. f4 Bg4 9. Nf3 Nh5 10. Nxh5 Bxh5 11. O-O e5 12. Qe1 exf4 13. Bxf4 Bxf3 14. Rxf3 Ne5 15. Bxe5 Bxe5 16. Qb4 Kg7 17. Qxb7 Rb8 18. Qxa7 Rxb2 19. Bb3 Qh4 20. Rh3 Qg5 21. Rf1 h5 22. Rhf3 Kh6 23. Qa4 Bd6 24. Kh1 Qe5 25. Rg3 f5 26. Kg1 fxe4 27. Rxf8 Bxf8 28. Qd7 Rb1+ 29. Kf2 Qf4+ 30. Ke2 Qf1+ 31. Kd2 Qe1# 0-1

[Event "December 12 Early 2023"]
[Site "https://www.chess.com"]
[Date "2023.12.12"]
[Round "2"]
[White "Reprintsev, Alexander"]
[Black "Ratnesan, Ranesh"]
[Result "1-0"]
[Board "191"]
[TimeControl "180+1"]
[WhiteFideId "14100541"]
[BlackFideId "439339"]
[WhiteElo "2493"]
[BlackElo "2238"]
[WhiteTeam "UKR"]
[BlackTeam "ENG"]
[WhiteClock "0:01:43"]
[BlackClock "0:00:27"]

1. e4 c5 2. b3 Nc6 3. Bb2 e5 4. f4 d6 5. Qf3 Nd4 6. Qd3 g6 7. Nf3 Bg7 8. Nxd4 cxd4 9. c3 dxc3 10. Nxc3 Ne7 11. Qb5+ Qd7 12. Rc1 O-O 13. Qxd7 Bxd7 14. Bb5 Bc6 15. Bxc6 bxc6 16. fxe5 Bxe5 17. Na4 Bxb2 18. Nxb2 d5 19. e5 Rfe8 20. Nd3 a5 21. Kf2 a4 22. b4 a3 23. Rc3 Reb8 24. Rb1 Ra6 25. Rbb3 Rba8 26. Nc5 R6a7 27. g4 h5 28. gxh5 gxh5 29. Rh3 Ng6 30. Rxh5 Re8 31. d4 f6 32. Rg3 Kf7 33. Rh7+ 1-0

[Event "December 12 Early 2023"]
[Site "https://www.chess.com"]
[Date "2023.12.12"]
[Round "2"]
[White "Deveci, Huseyin Said"]
[Black "Kovalevsky, Stanislav"]
[Result "1-0"]
[Board "192"]
[TimeControl "180+1"]
[WhiteFideId "26322455"]
[BlackFideId "13508598"]
[WhiteElo "2234"]
[BlackElo "2491"]
[WhiteTeam "TUR"]
[BlackTeam "FID"]
[WhiteClock "0:00:12"]
[BlackClock "0:00:00"]

1. e4 c6 2. Nf3 d5 3. d3 Bg4 4. h3 Bh5 5. g4 Bg6 6. h4 dxe4 7. Ne5 Qa5+ 8. Nc3 Qxe5 9. d4 Qa5 10. h5 e3 11. hxg6 exf2+ 12. Kxf2 fxg6 13. g5 e5 14. dxe5 Bc5+ 15. Kg2 Ne7 16. Bc4 Nd7 17. Bf7+ Kxf7 18. Qxd7 Rhd8 19. Qg4 Rd4 20. Rf1+ Nf5 21. Rxf5+ gxf5 22. Qxf5+ Kg8 23. Be3 Rdd8 24. Rh1 Bxe3 25. Qxh7+ Kf8 26. Rf1+ Ke8 27. Qxg7 Rd2+ 28. Kh3 Rh2+ 29. Kxh2 1-0

[Event "December 12 Early 2023"]
[Site "https://www.chess.com"]
[Date "2023.12.12"]
[Round "2"]
[White "Ljukin, Sergei"]
[Black "Zaichenko, Daria"]
[Result "1/2-1/2"]
[Board "193"]
[TimeControl "180+1"]
[WhiteFideId "14102200"]
[BlackFideId "4197453"]
[WhiteElo "2490"]
[BlackElo "2233"]
[WhiteTeam "UKR"]
[BlackTeam "RUS"]
[WhiteClock "0:00:09"]
[BlackClock "0:00:08"]

1. e4 c5 2. Nf3 Nc6 3. d4 cxd4 4. Nxd4 Nf6 5. Nc3 d6 6. Bc4 e5 7. Nxc6 bxc6 8. Bg5 Be7 9. Qd2 h6 10. Bxf6 Bxf6 11. O-O Bg5 12. Qd3 O-O 13. Rad1 Be7 14. f4 Bg4 15. Rde1 Qb6+ 16. Kh1 exf4 17. Rxf4 Be6 18. Bb3 Bg5 19. Rf3 Rad8 20. Ref1 Bxb3 21. axb3 Qc5 22. Rf5 Qe3 23. Qxe3 Bxe3 24. Rd1 f6 25. Rf3 Bb6 26. Rfd3 Bc7 27. Kg1 Kf7 28. Kf2 Ke6 29. Ne2 Ke5 30. Kf3 f5 31. exf5 Rxf5+ 32. Ke3 Bb6+ 33. Kd2 Rf2 34. Rg3 g5 35. b4 Kf5 36. Rf3+ Rxf3 37. gxf3 Re8 38. c4 Be3+ 39. Kd3 Bf4 40. Nd4+ Kf6 41. Nxc6 Re3+ 42. Kd4 Rxf3 43. Nxa7 Rb3 44. b5 Be3+ 45. Kd5 Bxa7 46. Kxd6 Rxb2 47. Kc6 Be3 48. Rd6+ Kg7 49. c5 Rc2 50. Rd5 Rxh2 51. b6 Bf4 52. b7 Rb2 53. Rd7+ Kg6 54. Kd5 g4 55. Ke4 Bb8 56. c6 g3 57. c7 Bxc7 58. Rxc7 g2 59. Rc1 Rxb7 60. Rg1 Rb2 61. Kf3 Kg5 62. Rxg2+ Rxg2 63. Kxg2 Kg4 64. Kh1 Kh3 65. Kg1 h5 66. Kh1 h4 67. Kg1 Kg3 68. Kh1 h3 69. Kg1 h2+ 70. Kh1 Kh3 1/2-1/2

[Event "December 12 Early 2023"]
[Site "https://www.chess.com"]
[Date "2023.12.12"]
[Round "2"]
[White "De Souza, Cristiano Gomes"]
[Black "Musalov, Ruslan"]
[Result "0-1"]
[Board "194"]
[TimeControl "180+1"]
[WhiteFideId "2151758"]
[BlackFideId "4141490"]
[WhiteElo "2233"]
[BlackElo "2487"]
[WhiteTeam "BRA"]
[BlackTeam "RUS"]
[WhiteClock "0:00:57"]
[BlackClock "0:00:07"]

1. d4 Nf6 2. c4 g6 3. Nf3 Bg7 4. Nc3 O-O 5. e4 d6 6. Be2 e5 7. O-O Nc6 8. d5 Ne7 9. Ne1 Nd7 10. Be3 f5 11. f3 f4 12. Bf2 g5 13. Nb5 b6 14. b4 h5 15. Nd3 Ng6 16. c5 Nf6 17. Rc1 Rf7 18. Qc2 a6 19. Na3 b5 20. cxd6 cxd6 21. Qd2 g4 22. Rc2 g3 23. hxg3 fxg3 24. Bxg3 h4 25. Bf2 Nh5 26. Kh2 Nhf4 27. Rfc1 Bd7 28. Bf1 Bh6 29. Be3 Qg5 30. Nxf4 Nxf4 31. Qf2 Rg7 32. Nb1 Qg3+ 33. Kh1 Bg5 34. Rc7 Rf8 35. Ra7 Rff7 36. Rcc7 Rh7 37. Nc3 Qxf2 38. Bxf2 h3 39. g3 Ng2 40. Bxg2 hxg2+ 41. Kxg2 Bh3+ 42. Kg1 Rxc7 43. Rxc7 Rxc7 44. Be1 Be3+ 45. Kh2 Bd7 46. Kg2 Bd4 47. Ne2 Rc2 48. Kf1 Bh3# 0-1

[Event "December 12 Early 2023"]
[Site "https://www.chess.com"]
[Date "2023.12.12"]
[Round "2"]
[White "Kukreja Sankalp"]
[Black "Monpeurt, Cyrielle"]
[Result "0-1"]
[Board "195"]
[TimeControl "180+1"]
[WhiteFideId "45027676"]
[BlackFideId "677400"]
[WhiteElo "2486"]
[BlackElo "2231"]
[WhiteTeam "IND"]
[BlackTeam "FRA"]
[WhiteClock "0:00:47"]
[BlackClock "0:01:22"]

1. e4 d5 2. exd5 Qxd5 3. Nc3 Qd6 4. d4 Nf6 5. Nf3 Bg4 6. Bd3 Nc6 7. Ne4 Nxe4 8. Bxe4 Qe6 9. Qd3 f5 10. Ng5 fxe4 11. Nxe6 exd3 12. Nxc7+ Kd7 13. Nxa8 Nxd4 14. O-O Be2 15. Be3 Nxc2 16. Rad1 Nxe3 17. fxe3 e5 18. Rfe1 Bxd1 19. Rxd1 e4 20. Rc1 Bd6 0-1